Map: Rhoskallian LE

Players

bibi - Winner!

  • Race: Terran Terran
  • League: Master
  • Spawn Location: 5:00

kokochA - Winner!

  • Race: Zerg Zerg
  • League: Diamond
  • Spawn Location: 6:00

qqq

  • Race: Zerg Zerg
  • League: Platinum
  • Spawn Location: 11:00

Massa

  • Race: Terran Terran
  • League: Platinum
  • Spawn Location: 12:00

VOD

Have the link to the VOD?

Description

Time

  • Played on: Nov. 29, 2020, 6:43 a.m.
  • Length: 12:24
Show
View Real Time Build Order
Export as new Build Order

bibi Terran - Winner!

Build Orders: Reaper Expand, Hellion Banshee, Mech 

Get SALT Encoding   

  12  0:00  SCV  
  13  0:12  SCV  
  14  0:18  Supply Depot  
  14  0:25  SCV  
  15  0:40  SCV  
  15  0:41  Barracks  
  16  0:45  Refinery  
  16  0:52  SCV  
  17  1:04  SCV  
  18  1:16  SCV  
  18  1:32  Reaper, Orbital Command  
  19  1:51  Command Center  
  19  1:59  SCV  
  20  2:02  Supply Depot  
  20  2:07  Marine  
  21  2:18  SCV  
  22  2:23  Factory  
  22  2:27  Barracks Reactor  
  22  2:28  Refinery  
  22  2:30  SCV  
  23  2:43  SCV  
  24  2:55  SCV  
  25  3:03  Orbital Command  
  25  3:07  SCV  
  25  3:08  Starport  
  26  3:14  Hellion x2  
  26  3:18  Barracks Tech Lab  
  26  3:19  SCV  
  31  3:31  SCV  
  31  3:33  SCV  
  33  3:36  Supply Depot  
  33  3:37  Hellion x2  
  37  3:43  SCV  
  37  3:45  SCV  
  39  3:51  Banshee, Cloaking Field  
  39  3:55  SCV  
  43  3:59  Hellion  
  43  4:00  Hellion  
  43  4:01  SCV  
  48  4:07  SCV  
  49  4:11  Supply Depot  
  49  4:19  SCV x2  
  49  4:20  Hellion  
  54  4:24  Hellion  
  54  4:33  Command Center  
  54  4:41  SCV x2  
  54  4:43  Refinery  
  54  4:44  Refinery  
  56  4:49  Armory  
  56  4:53  SCV, Banshee  
  56  4:56  SCV  
  60  5:05  SCV  
  61  5:14  Supply Depot  
  61  5:15  Hellion x2  
  61  5:18  Armory  
  65  5:21  SCV  
  65  5:27  SCV  
  67  5:31  Armory  
  67  5:32  Engineering Bay  
  67  5:35  SCV  
  68  5:36  Banshee, Factory  
  71  5:44  SCV  
  72  6:00  SCV  
  72  6:02  Terran Vehicle Weapons Level 1  
  73  6:06  SCV  
  73  6:07  Terran Vehicle And Ship Armor Level 1  
  73  6:09  Starport  
  74  6:12  Starport, SCV  
  74  6:18  SCV, Supply Depot  
  76  6:20  Supply Depot  
  76  6:27  SCV  
  76  6:30  Hellion x6  
  74  6:36  Hellion x2  
  74  6:37  Factory Tech Lab  
  72  6:41  Orbital Command  
  72  6:44  SCV x2  
  72  6:48  Hyperflight Rotors  
  72  6:54  Starport Tech Lab  
  72  6:55  Starport Tech Lab  
  72  6:56  SCV  
  72  6:58  Siege Tank  
  76  7:02  SCV  
  76  7:03  Factory  
  77  7:08  SCV  
  77  7:12  SCV  
  77  7:13  Refinery  
  77  7:14  SCV  
  80  7:16  Refinery  
  80  7:17  Hellion  
  80  7:20  SCV, Hellion  
  85  7:24  SCV, Banshee  
  85  7:27  SCV, Banshee  
  93  7:30  Siege Tank  
  93  7:32  SCV  
  93  7:34  Banshee  
  98  7:47  SCV  
  98  7:48  Factory Tech Lab, Hellion x2  
  98  7:51  SCV x2  
  99  7:59  Supply Depot  
  99  8:00  Supply Depot x2  
  99  8:04  Terran Vehicle And Ship Armor Level 2, Terran Vehicle Weapons Level 2  
  99  8:06  SCV x2  
  99  8:07  Banshee, SCV  
  99  8:10  Banshee  
  108  8:21  Banshee, Command Center, Siege Tank  
  108  8:26  SCV  
  115  8:32  Hellion x2  
  119  8:34  Infernal Pre-Igniter  
  119  8:35  Smart Servos  
  119  8:43  Siege Tank  
  122  8:50  Banshee  
  122  8:53  Siege Tank  
  128  9:00  Command Center x2  
  128  9:07  SCV x3  
  131  9:11  Missile Turret  
  131  9:15  Sensor Tower  
  131  9:22  Supply Depot x2  
  131  9:25  Siege Tank  
  131  9:33  Banshee, Thor  
  131  9:38  Planetary Fortress  
  140  9:40  SCV x2, Hellion, Raven  
  140  9:43  Hellion x2  
  148  10:01  Hellion x7  
  148  10:05  Thor  
  149  10:16  Factory  
  149  10:18  Refinery, Factory  
  149  10:19  Refinery  
  149  10:20  Hellion x2  
  149  10:21  SCV, Hellion  
  156  10:28  Orbital Command x2  
  156  10:38  Banshee  
  156  10:41  Thor  
  156  10:42  Hellion  
  163  10:52  Thor  
  163  10:53  Hellion  
  171  11:03  Hellion  
  173  11:09  Factory Tech Lab x2  
  163  11:24  Thor  
  169  11:27  Raven  
  171  11:39  Thor  
  177  11:47  Command Center  
Show
View Real Time Build Order
Export as new Build Order

kokochA Zerg - Winner!

Build Orders: Hatch First, Lurkers 

Get SALT Encoding   

  12  0:01  Drone  
  13  0:09  Drone  
  14  0:16  Extractor, Drone  
  15  0:23  Overlord  
  16  0:42  Drone  
  16  0:43  Drone  
  17  0:51  Drone  
  18  1:01  Drone  
  19  1:05  Extractor, Hatchery  
  17  1:20  Spawning Pool  
  16  1:27  Drone x2  
  18  1:37  Drone  
  19  1:48  Drone  
  20  1:57  Overlord  
  20  2:08  Zergling x2  
  21  2:18  Queen, Zergling x2  
  21  2:19  Queen  
  26  2:24  Drone x2  
  28  2:30  Zergling x2  
  28  2:35  Drone, Baneling Nest  
  29  2:40  Metabolic Boost  
  29  2:45  Drone x2  
  31  2:55  Drone  
  31  3:22  Drone  
  31  3:23  Drone x4  
  36  3:30  Lair  
  36  3:31  Overlord  
  36  3:32  Overlord  
  36  3:33  Extractor  
  35  3:38  Drone  
  36  3:46  Baneling x2  
  36  3:49  Extractor  
  36  3:50  Drone x3, Extractor  
  36  3:51  Drone x3  
  40  4:06  Drone x2  
  42  4:12  Zergling x6  
  45  4:19  Drone  
  45  4:20  Hatchery  
  45  4:21  Overlord  
  45  4:30  Zergling x2  
  45  4:31  Zergling x2  
  47  4:33  Overlord  
  47  4:36  Centrifical Hooks  
  47  4:42  Drone x2  
  47  4:43  Drone  
  50  4:52  Drone x3  
  53  4:54  Overlord  
  53  5:09  Drone x2, Zergling x4  
  53  5:10  Drone  
  58  5:25  Drone x3  
  61  5:36  Drone, Hydralisk Den  
  61  5:41  Drone, Evolution Chamber  
  61  5:42  Evolution Chamber  
  60  5:44  Drone  
  60  5:45  Drone x3  
  64  5:53  Zergling x2  
  64  5:55  Baneling  
  64  5:56  Baneling x3, Zergling x2  
  64  5:57  Zergling x2  
  67  6:09  Zergling x6  
  70  6:13  Drone  
  70  6:14  Drone  
  70  6:15  Hydralisk x2, Infestation Pit, Muscular Augments  
  70  6:16  Hydralisk x3  
  70  6:18  Drone  
  82  6:30  Overlord x4  
  74  6:51  Baneling x3  
  74  6:52  Baneling x9  
  74  6:53  Baneling x5  
  74  6:54  Zergling x2  
  74  6:55  Zergling x16  
  74  6:56  Queen  
  85  7:03  Zerg Melee Weapons Level 1  
  85  7:04  Zerg Ground Armor Level 1  
  85  7:08  Hive  
  85  7:13  Drone x2  
  85  7:14  Drone x3  
  90  7:26  Grooved Spines  
  90  7:35  Drone  
  90  7:36  Drone  
  92  7:38  Hydralisk x3  
  92  7:39  Hydralisk, Zergling x6  
  92  7:43  Hatchery  
  102  7:53  Drone x3  
  102  7:55  Extractor x2, Drone  
  104  8:03  Drone  
  105  8:06  Overlord x5  
  105  8:25  Zergling x14  
  112  8:38  Zergling x2  
  112  8:39  Zergling x10  
  112  8:40  Zergling x2  
  119  8:44  Hydralisk, Zergling x4  
  119  8:45  Hydralisk x2  
  127  8:59  Hydralisk x3  
  127  9:00  Hydralisk  
  135  9:06  Lurker Den  
  135  9:07  Hydralisk  
  135  9:08  Hydralisk x7  
  150  9:13  Baneling x2  
  150  9:14  Baneling x8  
  150  9:15  Baneling x4, Overlord x2  
  151  9:17  Drone  
  151  9:28  Overseer x3  
  151  9:31  Pneumatized Carapace  
  151  9:32  Zerg Melee Weapons Level 2  
  151  9:33  Zerg Ground Armor Level 2  
  151  9:34  Drone  
  151  9:35  Drone x2  
  151  9:37  Drone  
  155  9:44  Drone x4  
  155  9:45  Drone x3  
  162  10:05  Overlord x3  
  162  10:06  Overseer  
  162  10:09  Drone x3  
  165  10:20  Overlord x2  
  165  10:24  Viper x3  
  165  10:25  Viper  
  175  10:49  Zergling x16  
  181  10:50  Zergling x8  
  181  10:52  Extractor  
  181  10:53  Extractor  
  180  10:59  Adaptive Talons  
  181  11:11  Lurker x4  
  181  11:12  Lurker x2  
  186  11:29  Hatchery  
  185  11:48  Hydralisk x2  
Show
View Real Time Build Order
Export as new Build Order

qqq Zerg 

Build Orders: Hatch First, Lurkers 

Get SALT Encoding   

  12  0:00  Drone  
  13  0:10  Drone  
  14  0:19  Overlord  
  14  0:50  Drone  
  14  0:53  Drone  
  14  0:57  Drone  
  17  1:00  Hatchery  
  16  1:17  Spawning Pool  
  15  1:19  Drone  
  16  1:29  Drone  
  16  1:30  Drone  
  18  1:33  Extractor  
  18  1:39  Drone  
  18  1:54  Drone  
  19  2:06  Extractor  
  19  2:14  Extractor  
  18  2:16  Drone  
  18  2:18  Drone  
  20  2:23  Queen  
  20  2:24  Queen  
  20  2:26  Drone  
  25  2:36  Metabolic Boost  
  25  2:37  Overlord  
  25  2:38  Drone, Zergling x2  
  25  2:41  Drone  
  28  2:52  Overlord  
  28  2:58  Drone  
  28  3:01  Drone  
  30  3:08  Roach Warren  
  29  3:13  Lair  
  29  3:15  Zergling x4  
  29  3:18  Drone  
  29  3:19  Drone  
  33  3:36  Drone  
  33  3:37  Overlord  
  33  3:38  Zergling x2  
  33  3:39  Drone  
  36  3:50  Drone  
  36  3:51  Drone x3  
  36  3:53  Roach  
  36  3:54  Spine Crawler, Roach  
  43  3:58  Overlord  
  43  4:07  Roach x2  
  47  4:10  Roach  
  47  4:15  Roach  
  47  4:16  Drone x2  
  54  4:17  Drone  
  54  4:25  Roach  
  54  4:30  Drone  
  54  4:31  Extractor  
  56  4:35  Extractor  
  56  4:37  Extractor  
  55  4:38  Drone  
  55  4:39  Drone x2  
  57  4:59  Glial Reconstitution  
  57  5:01  Roach  
  59  5:09  Overlord x2  
  59  5:10  Overlord x2  
  59  5:12  Drone  
  60  5:22  Spore Crawler  
  60  5:23  Spore Crawler  
  60  5:25  Drone  
  58  5:31  Roach x4  
  58  5:32  Roach x3  
  58  5:33  Roach  
  74  5:43  Hydralisk Den  
  74  5:45  Overseer  
  74  5:47  Drone  
  74  5:48  Drone, Spore Crawler  
  71  6:12  Drone x3  
  71  6:13  Drone  
  75  6:31  Hydralisk, Roach x2  
  75  6:32  Hydralisk  
  75  6:41  Hatchery  
  50  6:49  Hydralisk x2  
  50  6:50  Hydralisk x2  
  50  6:52  Lurker Den  
  57  6:54  Drone  
  57  6:55  Drone x2  
  60  7:01  Drone x2  
  60  7:02  Drone  
  63  7:17  Hydralisk x2  
  63  7:19  Drone x2  
  69  7:41  Infestation Pit  
  68  7:51  Hydralisk x2  
  68  7:52  Drone  
  73  8:09  Evolution Chamber  
  73  8:11  Queen  
  76  8:12  Drone x2, Evolution Chamber  
  76  8:16  Lurker x4  
  76  8:19  Hatchery  
  78  8:20  Hydralisk  
  78  8:22  Drone  
  80  8:31  Hydralisk x3  
  87  8:38  Hydralisk x3  
  92  8:47  Queen  
  94  8:58  Hydralisk x2  
  94  9:00  Pneumatized Carapace  
  94  9:01  Overlord x3  
  94  9:02  Overlord  
  96  9:25  Hatchery  
  96  9:31  Hydralisk x5  
  95  9:33  Drone x3  
  95  9:36  Hatchery  
  107  9:41  Spine Crawler  
  88  10:13  Drone x2  
  88  10:14  Drone  
  87  10:18  Hydralisk x2  
  87  10:20  Hive  
  91  10:23  Zerg Missile Weapons Level 1  
  91  10:24  Zerg Ground Armor Level 1  
  91  10:27  Muscular Augments  
  86  10:47  Hydralisk x3  
  86  10:48  Hydralisk x3  
  86  10:58  Lurker x3  
  86  10:59  Lurker  
  86  11:03  Drone  
  86  11:04  Drone x7  
  98  11:11  Spine Crawler  
  98  11:15  Spore Crawler  
  98  11:16  Spine Crawler  
  93  11:20  Spine Crawler  
  93  11:22  Spine Crawler  
  93  11:24  Drone x2, Spore Crawler  
  89  11:44  Hatchery  
  88  11:54  Hydralisk x6  
  63  11:56  Drone x3  
  63  12:00  Ultralisk Cavern  
Show
View Real Time Build Order
Export as new Build Order

Massa Terran 

Build Orders:  

Get SALT Encoding   

  12  0:00  SCV  
  13  0:12  SCV  
  14  0:23  Supply Depot  
  14  0:24  SCV  
  15  0:45  SCV  
  15  0:47  Barracks  
  16  0:57  SCV  
  16  0:59  Refinery  
  17  1:05  Supply Depot  
  17  1:09  SCV  
  18  1:21  SCV  
  19  1:28  Supply Depot  
  19  1:42  Command Center  
  19  1:47  SCV  
  20  1:58  Reaper  
  21  2:02  Orbital Command  
  21  2:28  SCV  
  22  2:30  Marine  
  23  2:51  Barracks Tech Lab  
  23  2:54  Factory  
  23  2:55  Orbital Command  
  23  2:56  SCV  
  23  2:57  Supply Depot  
  24  3:08  SCV  
  25  3:22  SCV x2  
  25  3:23  Marauder  
  29  3:28  Refinery  
  29  3:32  Barracks  
  29  3:37  Supply Depot x2  
  29  3:38  SCV x2  
  31  3:43  Refinery  
  31  3:46  Factory  
  31  3:49  Factory Tech Lab  
  31  3:50  SCV  
  31  3:52  Marauder  
  34  4:03  SCV  
  34  4:04  SCV  
  36  4:14  Marauder  
  36  4:15  SCV  
  36  4:16  SCV  
  39  4:21  Barracks Reactor  
  39  4:32  Stimpack  
  39  4:35  Marauder  
  41  4:39  Refinery  
  41  4:40  Factory Tech Lab  
  41  4:57  Marauder  
  43  5:15  Marine x2  
  43  5:18  Marauder  
  43  5:20  Cyclone  
  47  5:27  Engineering Bay  
  44  5:28  Cyclone  
  44  5:33  Marine x2  
  47  5:39  Marauder  
  47  5:51  Marine  
  46  6:13  Terran Infantry Weapons Level 1, Missile Turret  
  46  6:14  Cyclone  
  45  6:28  SCV x2  
  46  6:37  Refinery  
  46  6:40  SCV x2, Mag-Field Accelerator  
  46  6:42  Marauder, Marine  
  46  6:45  Combat Shield  
  46  6:46  Cyclone  
  54  6:52  SCV x2  
  56  7:03  Marauder  
  56  7:04  SCV x2  
  60  7:16  SCV x2  
  60  7:17  Command Center  
  62  7:24  Marine x2  
  62  7:25  Marauder  
  66  7:42  Marine  
  67  7:46  Marauder  
  66  7:53  SCV x2  
  66  7:57  Marine  
  69  8:00  Marine  
  69  8:05  SCV x2  
  72  8:07  Barracks, Marauder  
  72  8:08  Barracks, Missile Turret  
  72  8:09  Barracks  
  74  8:17  Armory  
  74  8:18  Starport  
  74  8:28  Siege Tank  
  74  8:29  Marauder  
  79  8:47  Missile Turret  
  75  9:09  Missile Turret  
  74  9:30  Engineering Bay  
  74  9:32  SCV  
  74  9:33  SCV  
  74  9:36  Orbital Command  
  76  9:44  SCV  
  76  9:45  SCV  
  78  9:53  Refinery  
  78  9:57  SCV  
  72  10:10  Barracks Reactor, Barracks Tech Lab, Marauder  
  72  10:11  Marine x3  
  80  10:14  Siege Tank  
  80  10:22  Starport  
  80  10:25  Missile Turret  
  80  10:28  SCV, Marine  
  81  10:29  Marine x2  
  81  10:31  Marauder  
  83  10:45  SCV x3  
  80  10:53  Marauder  
  77  10:57  SCV x2  
  76  11:14  Marauder  
  77  11:19  SCV x3  
  80  11:30  Marauder  
  80  11:31  SCV  
  80  11:32  SCV x2  
  85  11:43  SCV  
Tags
 
Add a new tag
Caveats
  • Supply blocks, unpowered buildings, or Contaminate may cause inaccurate times.
  • Supply counts are checked every 10 seconds.